 Dungeon Crawl Stone Soup version 0.25-a0-424-g80bd347ae0 (webtiles) character file.

Game seed: 7563304710582772996, levelgen mode: deterministic

151 Nattfarinn the Changer (level 5, 0/38 HPs)
             Began as a Merfolk Transmuter on Jan 23, 2020.
             Succumbed to an adder's poison
             ... on level 3 of the Dungeon.
             The game lasted 00:04:05 (1855 turns).

Nattfarinn the Changer (Merfolk Transmuter)         Turns: 1855, Time: 00:04:05

Health: 0/38       AC:  3    Str: 12 (15) XL:     5   Next: 33%
Magic:  8/9        EV: 19    Int: 11 (13) God:
Gold:   141        SH:  0    Dex: 17 (20) Spells: 5/9 levels left

rFire    . . .     SeeInvis .     - Unarmed
rCold    . . .     Gourm    .   (no shield)
rNeg     . . .     Faith    .   b - +0 robe
rPois    .         Spirit   .   (no helmet)
rElec    .         Reflect  .   (no cloak)
rCorr    .         Harm     .   (no gloves)
MR       .....                  c - +0 pair of boots
Stlth    +++.......             (no amulet)
HPRegen  0.12/turn              e - ring of flight
MPRegen  0.11/turn              (no ring)

@: mighty, agile, lethally poisoned (0 -> -7), flying
A: change form in water, swift swim, stealthy swim
a: no special abilities


You were on level 3 of the Dungeon.
You were not hungry.

You visited 1 branch of the dungeon, and saw 3 of its levels.

You collected 141 gold pieces.

Inventory:

Missiles
 a - 12 arrows
Armour
 b - a +0 robe (worn)
 c - a +0 pair of boots (worn)
Jewellery
 e - a ring of flight (left hand)
Scrolls
 g - 5 scrolls of identify {unknown}
 h - a scroll of teleportation {unknown}
 i - a scroll of fog {unknown}
 j - a scroll of enchant armour {unknown}
 k - 2 scrolls of remove curse {unknown}
 m - a scroll of enchant weapon {unknown}
Comestibles
 d - 8 rations
 p - 9 chunks of flesh


   Skills:
 + Level 2.2 Fighting
 + Level 3.7 Dodging
 + Level 3.9 Unarmed Combat
 + Level 2.7 Spellcasting
 * Level 4.7 Transmutations


You had 5 spell levels left.
You knew the following spells:

 Your Spells              Type           Power        Failure   Level  Hunger
a - Beastly Appendage     Tmut           ##....       3%          1    ##.....
b - Spider Form           Tmut/Pois      #.........   30%         3    ####...

Your spell library contained the following spells:

 Spells                   Type           Power        Failure   Level  Hunger
 Sticks to Snakes         Tmut           ##......     6%          2    ###....
 Ice Form                 Ice/Tmut       #.......     71%         4    #####..
 Blade Hands              Tmut           ##........   71%         5    ######.


Dungeon Overview and Level Annotations

Branches:
Dungeon (3/15)

Altars:


Message History

* * * LOW HITPOINT WARNING * * *
You feel sick. The adder bites you.
* * * LOW HITPOINT WARNING * * *
It was a potion of might.
You feel very mighty all of a sudden.
* * * LOW HITPOINT WARNING * * *
You feel sick.
You kill the adder!
It was a potion of degeneration.
There was something very wrong with that liquid.
You feel weakened.
You feel dopey.
You feel clumsy.
* * * LOW HITPOINT WARNING * * *
You feel sick. The frilled lizard bites you.
* * * LOW HITPOINT WARNING * * *
It was a potion of agility.
You feel agile all of a sudden.
The frilled lizard completely misses you.
You punch the frilled lizard!
You kill the frilled lizard!
You die...

......o).........##
.....oo)...........
.#######o...#....#
###....#....##
######.o.....!.....
#......###..######
#......# #..†......
#######......###o##..####
............o†@......#
............####.##....
................... ....
.......÷................#
.......###..............#
.......#........... ..
.......#........... .
.......+........#.
####...#........#


You could see 2 orcs.

Vanquished Creatures
  Robin (D:2)
  3 gnolls (D:2)
  3 adders
  2 oozes
  A worm (D:2)
  A dart slug (D:2)
  A leopard gecko (D:3)
  3 orcs (D:3)
  2 giant cockroaches
  17 goblins
  6 hobgoblins
  A quokka (D:2)
  5 bats
  6 frilled lizards
  9 kobolds
  5 rats
66 creatures vanquished.

Notes
Turn   | Place    | Note
-------+----------+-------------------------------------------
     0 | D:1      | Nattfarinn the Merfolk Transmuter began the quest for the
                  | Orb.
     0 | D:1      | Reached XP level 1. HP: 15/15 MP: 3/3
    81 | D:1      | Reached skill level 3 in Transmutations
    84 | D:1      | Reached XP level 2. HP: 12/21 MP: 5/5
   645 | D:1      | Reached XP level 3. HP: 25/26 MP: 6/6
   653 | D:1      | Learned a level 3 spell: Spider Form
   870 | D:2      | Noticed Robin
   880 | D:2      | Killed Robin
   887 | D:2      | Reached XP level 4. HP: 27/33 MP: 5/7
   905 | D:2      | Reached skill level 4 in Transmutations
  1676 | D:2      | Reached XP level 5. HP: 38/38 MP: 5/8
  1853 | D:3      | HP: 1/38 [frilled lizard (2)]
  1855 | D:3      | Succumbed to an adder's poison

Levels and vault maps discovered:
D:1:      dpeg_arrival_ternary, layout_rooms, item_on_display_a
D:2:      layout_loops_ring, uniq_robin
D:3:      layout_basic, first_ration

Skill      XL: |  1  2  3  4 |
---------------+-------------+-----
Transmutations | 3 4 |  4.7
Dodging        | 3 |  3.7
Fighting       | 2 |  2.2
Unarmed Combat | |  3.9
Spellcasting   | |  2.7

Action                   |  1- 3 |  4- 6 || total
-------------------------+-------+-------++-------
Melee: Unarmed           |    94 |   113 ||   207
       Headbutt          |     1 |       ||     1
       Punch             |     1 |       ||     1
 Cast: Beastly Appendage |     2 |       ||     2
       Spider Form       |     1 |     4 ||     5
  Use: Potion            |       |     4 ||     4
 Stab: Sleeping          |     2 |     1 ||     3
  Eat: Chunk             |       |     4 ||     4
Armor: Robe              |    12 |    12 ||    24
       Skin              |     1 |     6 ||     7
Dodge: Dodged            |    56 |   101 ||   157

Table legend:
 A = Non-vault XP
 B = Vault XP
 C = Vault XP percentage of total XP
 D = Non-vault monster count
 E = Vault monster count
 F = Vault count percentage of total count
                 A         B        C        D         E       F
            +---------+---------+-------+---------+---------+-------
      Total |     183 |      33 |  15.3 |      56 |      10 |  15.2
            +---------+---------+-------+---------+---------+-------
        D:1 |      37 |       0 |   0.0 |      20 |       0 |   0.0
        D:2 |     106 |      33 |  23.7 |      21 |      10 |  32.3
        D:3 |      40 |       0 |   0.0 |      15 |       0 |   0.0
            +---------+---------+-------+---------+---------+-------
